 Dungeon Crawl Stone Soup version 0.30-a0-161-gdd60e06945 (webtiles) character file.

Game seed: 16770869648634591788

42 qw the Chopper (level 3, 0/23 HPs)
             Began as a Gargoyle Fighter on Sept 27, 2022.
             Slain by a gnoll
             ... wielding a +0 spear
              (4 damage)
             ... on level 2 of the Dungeon.
             The game lasted 00:00:28 (1316 turns).

qw the Chopper (Gargoyle Fighter)                   Turns: 1316, Time: 00:00:28

Health: 0/23       AC: 10    Str: 21    XL:     3   Next: 56%
Magic:  3/3        EV:  9    Int:  8    God:
Gold:   122        SH:  4    Dex:  9    Spells: 2/2 levels left

rFire   . . .      SeeInvis .    Y - +2 war axe
rCold   + . .      Faith    .    c - +0 buckler
rNeg    + . .      Spirit   .    b - +0 scale mail
rPois   inf        Reflect  .    (no helmet)
rElec   +          Harm     .    (no cloak)
rCorr   .          Rampage  .    (no gloves)
Will    .....                    (no boots)
Stlth   ..........               (no amulet)
HPRegen 0.07/turn                j - ring of protection from cold
MPRegen 0.08/turn                (no ring)

@: no status effects
A: sickness immunity, AC +3, negative energy resistance 1, electricity
resistance, torment resistance 1, petrification resistance
a: no special abilities


You were on level 2 of the Dungeon.
You visited 1 branch of the dungeon, and saw 2 of its levels.

You collected 122 gold pieces.


Innate Abilities, Weirdness & Mutations

You are immune to sickness and miasma.
Your stone body is resilient. (AC +3)
You are immune to poison.
You resist negative energy. (rN+)
You are resistant to electric shocks. (rElec)
You are resistant to unholy torment.
You are immune to petrification.


   Skills:
 - Level 3.2 Fighting
 + Level 3.5 Axes
 - Level 3.2 Armour
 - Level 3.2 Shields


You had 2 spell levels left.
You didn't know any spells.
Your spell library was empty.

Inventory:

Hand Weapons
 g - a +0 whip
 Y - a +2 war axe (weapon)
Armour
 b - a +0 scale mail (worn)
 c - a +0 buckler (worn)
Jewellery
 h - a ring of fire
 j - a ring of protection from cold (left hand)
Scrolls
 a - a scroll of silence {unknown}
Potions
 d - a potion of might
 e - a potion of curing {unknown}
 k - a potion of lignification {unknown}

Dungeon Overview and Level Annotations

Branches:
Dungeon (2/15)

Altars:


Message History

The bat barely misses you.
You barely miss the ball python. The bat hits you but does no damage.
The ball python bites you but does no damage.
The ball python grabs you. The ball python constricts you.
The ball python bites you but does no damage.
The ball python constricts you. The kobold hits you but does no damage.
The gnoll hits you but does no damage.
You slash the ball python!
You kill the ball python!
You closely miss the kobold. The bat hits you but does no damage.
The kobold hits you but does no damage. The gnoll misses you.
You barely miss the bat. You hit the hobgoblin.
You kill the hobgoblin!
You hit the kobold but do no damage. The bat hits you but does no damage.
The kobold hits you but does no damage.
The gnoll hits you from afar with a +0 spear.
The bat closely misses you.
You slash the bat!
You kill the bat!
You barely miss the kobold. The kobold hits you but does no damage.
The gnoll closely misses you.
The gnoll hits you from afar with a +3 halberd of freezing.
The kobold barely misses you.
The gnoll hits you from afar with a +0 spear.
The gnoll hits you with a +0 flail.
You hit the gnoll.
The gnoll is moderately wounded.
You closely miss the kobold. The kobold closely misses you.
The gnoll hits you with a +0 flail.
The gnoll hits you from afar with a +0 spear.
You block the gnoll's attack.
You hit the gnoll.
The gnoll is heavily wounded.
You slash the kobold!
You kill the kobold!
The gnoll hits you but does no damage.
The gnoll hits you from afar with a +0 spear.
You die...

#.# #.##.#
#.###.##.########
#...............##
.................##
..###...###.......#
#<# #.........#%..#
#.#
##..###.#.>...######
#.#
#..###.##..........
#.#
#..#......g@..!....
#.#
#..#.#.##g#%)####.#
#.# #..#.#....g..#
#.# ..# #.##.#.##
#.# # #.#.. ....# ..
#.# ## #.#


You could see 3 gnolls.

Vanquished Creatures
  2 dart slugs (D:1)
  3 ball pythons
  2 bats
  6 endoplasms (D:1)
  A giant cockroach (D:1)
  2 goblins (D:1)
  5 hobgoblins
  A quokka (D:2)
  4 frilled lizards (D:1)
  7 kobolds
  2 rats (D:1)
35 creatures vanquished.

Notes
Turn   | Place    | Note
-------+----------+-------------------------------------------
     0 | D:1      | qw the Gargoyle Fighter began the quest for the Orb.
     0 | D:1      | Reached XP level 1. HP: 14/14 MP: 1/1
     0 | D:1      | 0 ||| qw: Version: 0.2-a-10-g37ed214
     0 | D:1      | 0 ||| qw: Game counter: 705
     0 | D:1      | 0 ||| qw: Always use a shield: true
     0 | D:1      | 0 ||| qw: God list: Okawaru
     0 | D:1      | 0 ||| qw: Allow faded altars: false
     0 | D:1      | 0 ||| qw: Do Orc after D:15 true
     0 | D:1      | 0 ||| qw: Do second Lair branch before Depths: true
     0 | D:1      | 0 ||| qw: Lair rune preference: random
     0 | D:1      | 0 ||| qw: Plans: Normal, Zot:1-4, God:TSO, Crypt, Tomb,
                  | Pan, Slime:5, Hells, Abyss, Orb
     0 | D:1      | 0 ||| PLANNING D:1-11
   221 | D:1      | 221 ||| DROPPING +0 club.
   234 | D:1      | 234 ||| Stepping ~*~*~tactically~*~*~ (hiding).
   245 | D:1      | Reached XP level 2. HP: 15/19 MP: 2/2
   382 | D:1      | 382 ||| Stepping ~*~*~tactically~*~*~ (stealth).
   383 | D:1      | 383 ||| Stepping ~*~*~tactically~*~*~ (stealth).
   595 | D:1      | Reached skill level 3 in Axes
   623 | D:1      | Reached XP level 3. HP: 23/23 MP: 3/3
  1073 | D:1      | 1073 ||| Stepping ~*~*~tactically~*~*~ (hiding).
  1252 | D:1      | 1252 ||| DROPPING orb of guile.
  1253 | D:1      | 1253 ||| UPGRADING to ring of protection from cold.
  1254 | D:1      | 1254 ||| READING scroll labelled SIQUNI KIWOAN.
  1255 | D:1      | 1255 ||| READING 2 scrolls labelled OGGOAN MIATZ.
  1256 | D:1      | 1256 ||| READING scroll of enchant weapon.
  1256 | D:1      | 1256 ||| ENCHANTING +1 war axe.
  1308 | D:2      | 1308 ||| Stepping ~*~*~tactically~*~*~ (hiding).
  1315 | D:2      | HP: 4/23 [gnoll/+0 spear (5)]
  1316 | D:2      | Slain by a gnoll

Levels and vault maps discovered:
D:1:      dpeg_arrival_concentric_ovals, layout_loops_corners
D:2:      layout_loops_ring, uniq_terence

Skill      XL: |  1  2 |
---------------+-------+-----
Axes           | 2 3 |  3.5
Fighting       | |  3.2
Armour         | |  3.2
Shields        | |  3.2

Action                   || total
-------------------------++-------
Melee: War axe           ||    82
  Use: Scroll            ||     3
Armor: Scale mail        ||    41
Dodge: Dodged            ||    32
Block: Buckler           ||     9

Table legend:
 A = Non-vault XP
 B = Vault XP
 C = Vault XP percentage of total XP
 D = Non-vault monster count
 E = Vault monster count
 F = Vault count percentage of total count
                 A         B        C        D         E       F
            +---------+---------+-------+---------+---------+-------
      Total |      63 |       0 |   0.0 |      35 |       0 |   0.0
            +---------+---------+-------+---------+---------+-------
        D:1 |      53 |       0 |   0.0 |      30 |       0 |   0.0
        D:2 |      10 |       0 |   0.0 |       5 |       0 |   0.0
            +---------+---------+-------+---------+---------+-------
